 Dungeon Crawl Stone Soup version 0.27.1 (webtiles) character file.

Game seed: 12678319714788303547

9265 MajorAdolf the Covert (level 11, -3/96 HPs)
             Began as a Naga Wanderer on Aug 22, 2021.
             Was an Initiate of Gozag.
             Slain by a killer bee (6 damage)
             ... on level 8 of the Dungeon.
             The game lasted 00:27:17 (18452 turns).

MajorAdolf the Covert (Naga Wanderer)              Turns: 18452, Time: 00:27:17

Health: -3/96      AC:  9    Str: 12    XL:     11   Next: 43%
Magic:  8/22       EV:  6    Int: 18    God:    Gozag
Gold:   333        SH: 13    Dex: 11    Spells: 22/25 levels left

rFire    . . .     SeeInvis +   c - +3 dagger (elec)
rCold    . . .     Faith    .   a - +0 tower shield
rNeg     . . .     Spirit   .   r - +0 troll leather armour {Purgy}
rPois    +         Reflect  .   m - +2 helmet
rElec    .         Harm     .   D - +0 cloak
rCorr    .         Rampage  .   (no gloves)
Will     +....                  (no barding)
Stlth    ++++......             H - amulet of the acrobat
HPRegen  1.26/turn              (no ring)
MPRegen  0.18/turn              (no ring)

@: lethally poisoned (-3 -> -4), very slow
A: AC +3, large, see invisible, deformed body, poison resistance, slowness 2,
spit poison 1, naga tail 1
a: Spit Poison, Renounce Religion, Potion Petition, Call Merchant, Bribe Branch


You were on level 8 of the Dungeon.
You worshipped Gozag.
Gozag was aware of your devotion.
You visited 2 branches of the dungeon, and saw 10 of its levels.
You also visited: Sewer and Ossuary.

You collected 1125 gold pieces.
You spent 84 gold pieces at shops.
You paid 708 gold pieces to Gozag.

Inventory:

Hand Weapons
 c - a +3 dagger of electrocution (weapon)
 i - a +0 dagger of freezing
Missiles
 G - 2 throwing nets
Armour
 a - a +0 tower shield (worn)
 d - a scarf of shadows
 m - a +2 helmet (worn)
 n - a +2 buckler
 r - a +0 troll leather armour (worn) {Purgy}
 D - a +0 cloak (worn)
Magical Staves
 h - a staff of death
 o - a staff of poison
 q - a staff of air
Jewellery
 H - an amulet of the acrobat (around neck)
 I - a +6 ring of dexterity
Wands
 e - a wand of acid (23)
 f - a wand of paralysis (18)
 p - a wand of flame (45)
 t - a wand of iceblast (4)
Scrolls
 b - 4 scrolls of teleportation
 j - a scroll of blinking
 k - a scroll of amnesia
 s - a scroll of enchant armour {unknown}
 u - 4 scrolls of identify
 J - a scroll of fear
Potions
 g - a potion of berserk rage {unknown}
 l - 4 potions of brilliance {unknown}
 v - 7 potions of curing {unknown}
 w - a potion of flight {unknown}
 x - 2 potions of heal wounds {unknown}
 z - a potion of cancellation {unknown}
 A - 3 potions of magic {unknown}
 B - a potion of mutation {unknown}
 C - 2 potions of degeneration {unknown}
 E - a potion of haste {unknown}
 F - a potion of invisibility {unknown}


   Skills:
 + Level 5.6 Fighting
 - Level 2.0 Maces & Flails
 - Level 1.0 Throwing
 - Level 1.0 Armour
 + Level 9.1 Stealth
 + Level 6.2 Shields
 + Level 7.5 Spellcasting
 + Level 7.8 Conjurations
 - Level 3.0 Translocations
 + Level 7.8 Earth Magic


You had 22 spell levels left.
You knew the following spells:

 Your Spells              Type           Power      Damage    Failure   Level
a - Stone Arrow           Conj/Erth      68%        3d11      11%         3

Your spell library contained the following spells:

 Spells                   Type           Power      Damage    Failure   Level
 Sandblast                Erth           68%        2d15      3%          1
 Apportation              Tloc           34%        N/A       26%         1
 Gell's Gravitas          Tloc           8%         N/A       61%         3
 Teleport Other           Tloc           17%        N/A       61%         3
 Dispersal                Tloc           8%         N/A       100%        6


Dungeon Overview and Level Annotations

Branches:
Dungeon (9/15)             Temple (1/1) D:6            Lair (0/6) D:9
  Sewer (visited)         Ossuary (visited)
    Orc: D:9-12

Altars:
Ashenzari
Cheibriados
Dithmenos
Elyvilon
Fedhas
Gozag
Hepliaklqana
Kikubaaqudgha
Makhleb
Nemelex Xobeh
Okawaru
Qazlal
Ru
Sif Muna
Trog
Uskayaw
Vehumet
Wu Jian
Yredelemnul
Zin
The Shining One

Shops:
D:7 (   D:8 :*

Annotations:
D:3 2 runed translucent doors, Backf1st's ghost, amateur OgBe
D:8 exclusion: hydra


Innate Abilities, Weirdness & Mutations

Your serpentine skin is tough. (AC +3)
You have supernaturally acute eyesight. (SInv)
Armour fits poorly on your strangely shaped body.
Your system is resistant to poisons. (rPois)
You cover ground very slowly.
You can spit poison.
You have a snake-like lower body.


Message History

The killer bee closely misses you. The killer bee misses you.
The killer bee completely misses you.
The killer bee misses you. x2; You block the killer bee's attack.
The killer bee completely misses you.
You block the killer bee's attack. x2; The killer bee misses you.
The killer bee completely misses you.
The killer bee stings you but does no damage.
You block the killer bee's attack. x2
You closely miss the killer bee.
The killer bee is lightly wounded.
The killer bee barely misses you. You block the killer bee's attack.
You hit the killer bee.
The killer bee is heavily wounded.
The killer bee stings you.
* * * LOW HITPOINT WARNING * * *
You are poisoned.
The killer bee poisons you! The killer bee stings you.
* * * LOW HITPOINT WARNING * * *
You are more poisoned.
The killer bee poisons you! You block the killer bee's attack.
You hit the killer bee.
The killer bee is severely wounded.
You feel very sick. The killer bee closely misses you.
You block the killer bee's attack. The killer bee stings you.
* * * LOW HITPOINT WARNING * * *
You closely miss the killer bee.
The killer bee is severely wounded.
You feel very sick. The killer bee stings you.
* * * LOW HITPOINT WARNING * * *
You block the killer bee's attack.
You closely miss the killer bee.
The killer bee is severely wounded.
You feel very sick. The killer bee stings you.
* * * LOW HITPOINT WARNING * * *
The killer bee stings you.
You die...
Your body crumbles into a pile of gold.

#.# ##.## #. #.# ##...## #. #.#
#.....# #. #.# #>∩...# #. #.#
#....<# #. ######.## #....##
##. ........# #y#### #..
###.....# #y# #.#
#.###.########@# #.#
#.##.........#.# ##########.#
#.##.#######.#.#####.......##.#
#............).......#####>##.#
#......8.......#####.# #.##.#
#.#.._.8..PP.........# #....#
###.#....8..PP..######.# #.####
....#.8888..PP..# #.#####.#
#####.......PP..# #..<....#


You could see 2 killer bees.

Vanquished Creatures
  Harold (D:7)
  A two-headed ogre (D:7)
  Pikel (D:5)
  A gargoyle (D:6)
  A queen bee (D:9)
  A hornet (D:9)
  Sigmund (D:5)
  3 wyverns
  A vampire (D:9)
  5 yaks (D:9)
  A basilisk (D:9)
  A steam dragon (D:9)
  Menkaure (D:4)
  Edmund (D:5)
  3 water moccasins (D:9)
  Purgy (D:3)
  4 black bears
  An orc warrior (D:8)
  An ice beast (D:7)
  A necrophage (D:7)
  3 ogres
  3 centaurs
  2 lemures (D:5)
  A phantom (D:6)
  A kobold brigand (D:9)
  5 bullfrogs
  A wyvern zombie (D:5)
  2 scorpions
  A gnoll sergeant (D:9)
  5 water moccasin zombies (Ossuary)
  2 water moccasin skeletons
  25 killer bees
  4 wights
  A howler monkey (D:6)
  A bullfrog zombie (D:6)
  A centaur zombie (D:5)
  A jelly (D:6)
  A gnoll shaman (D:6)
  2 orc priests
  Jessica (D:3)
  Ijyb (D:3)
  5 iguanas
  4 orc wizards
  2 mummies (Ossuary)
  Robin (D:2)
  12 adders
  15 gnolls
  A white imp (D:4)
  An adder skeleton (D:5)
  8 adder zombies (Ossuary)
  3 dart slugs
  15 orcs
  14 ball pythons
  17 endoplasms
  16 giant cockroaches
  17 goblins
  8 hobgoblins
  6 jackals
  6 kobolds
  11 quokkas
  A bat (D:2)
  15 frilled lizards
  2 gnoll zombies (Ossuary)
  4 hobgoblin zombies (Ossuary)
  5 kobold zombies (Ossuary)
  6 orc zombies (Ossuary)
  10 rats
300 creatures vanquished.

Vanquished Creatures (others)
  4 bushes (D:9)
  4 fungi (D:9)
  24 plants (D:9)
32 creatures vanquished.

Grand Total: 332 creatures vanquished

Notes
Turn   | Place    | Note
-------+----------+-------------------------------------------
     0 | D:1      | MajorAdolf the Naga Wanderer began the quest for the Orb.
     0 | D:1      | MajorAdolf set off with the following items: a +0 club, a
                  | +2 scale mail; and the following spells available to
                  | memorise: Apportation, Gell's Gravitas, Sandblast, Stone
                  | Arrow
     0 | D:1      | Reached XP level 1. HP: 15/15 MP: 3/3
   207 | D:1      | Reached skill level 2 in Stealth
   207 | D:1      | Reached XP level 2. HP: 18/24 MP: 5/5
   744 | D:1      | Found a faded altar of an unknown god.
   844 | D:1      | Reached XP level 3. HP: 27/30 MP: 6/6
  1037 | D:1      | Reached skill level 1 in Fighting
  1093 | D:1      | Reached skill level 1 in Conjurations
  1093 | D:1      | Reached skill level 1 in Earth Magic
  1295 | D:1      | Learned a level 3 spell: Stone Arrow
  1306 | D:2      | Found a basalt altar of Yredelemnul.
  1500 | D:2      | Reached XP level 4. HP: 8/38 MP: 7/7
  2338 | D:2      | Reached XP level 5. HP: 44/44 MP: 7/9
  3203 | D:3      | Noticed Robin
  3389 | D:2      | Killed Robin
  3632 | D:3      | Found a large runed translucent door.
  3633 | D:3      | Found a large runed translucent door.
  3636 | D:3      | Noticed Backf1st's ghost (amateur OgBe)
  3717 | D:3      | Found an iron altar of Okawaru.
  3721 | D:3      | Found a burning altar of Makhleb.
  3774 | D:3      | Noticed Jessica
  3776 | D:3      | Killed Jessica
  3813 | D:3      | Noticed Ijyb
  3819 | D:3      | Killed Ijyb
  4395 | D:3      | Noticed Purgy
  4413 | D:3      | Killed Purgy
  4414 | D:3      | Reached skill level 1 in Shields
  4414 | D:3      | Reached XP level 6. HP: 19/51 MP: 9/11
  5442 | D:4      | Noticed Menkaure
  5547 | D:5      | Entered Level 5 of the Dungeon
  5958 | D:5      | Reached XP level 7. HP: 50/57 MP: 8/12
  6443 | D:4      | Killed Menkaure
  6762 | D:4      | Reached XP level 8. HP: 64/64 MP: 7/14
  7640 | D:5      | Noticed Pikel
  7828 | D:5      | Noticed Sigmund
  7846 | D:5      | Killed Sigmund
  7992 | D:5      | Killed Pikel
  7993 | D:5      | Reached skill level 5 in Spellcasting
  7993 | D:5      | Reached skill level 5 in Conjurations
  7993 | D:5      | Reached skill level 5 in Earth Magic
  8195 | D:5      | Reached XP level 9. HP: 70/70 MP: 10/17
  8559 | D:5      | Noticed Edmund
  8572 | D:5      | Killed Edmund
  8573 | D:5      | Reached skill level 3 in Stealth
  8991 | D:6      | Noticed a gargoyle
  8997 | D:6      | Killed a gargoyle
  8998 | D:6      | Reached skill level 4 in Stealth
  9083 | D:6      | Found a glowing drain.
  9101 | Sewer    | Entered a sewer
  9840 | D:6      | Found a staircase to the Ecumenical Temple.
  9850 | Temple   | Entered the Ecumenical Temple
  9909 | Temple   | Became a worshipper of Gozag Ym Sagoz the Greedy
 10150 | D:6      | You fall into a shaft and drop 2 floors!
 10150 | D:8      | Found a broken altar of Ashenzari.
 10663 | D:7      | Reached skill level 5 in Stealth
 10669 | D:7      | Noticed Harold
 10674 | D:7      | Noticed a two-headed ogre
 10678 | D:7      | Found a hide-covered altar of Uskayaw.
 10779 | D:7      | Found a sand-covered staircase.
 10787 | Ossuary  | Entered an ossuary
 11369 | D:8      | Found a blossoming altar of Fedhas.
 11399 | D:8      | Found Utups's Book Emporium.
 11427 | D:8      | Noticed a six-headed hydra
 11505 | D:8      | Found a sparkling altar of Nemelex Xobeh.
 11930 | D:8      | Reached XP level 10. HP: 84/84 MP: 12/19
 12132 | D:8      | Reached skill level 6 in Stealth
 12132 | D:8      | Reached skill level 5 in Shields
 13416 | D:9      | Found a staircase to the Lair.
 13704 | D:9      | Reached skill level 7 in Stealth
 15876 | D:8      | Bought a scroll of teleportation for 39 gold pieces
 15876 | D:8      | Bought a scroll of fear for 45 gold pieces
 15960 | D:7      | Reached skill level 8 in Stealth
 15991 | D:7      | Killed a two-headed ogre
 15992 | D:7      | Reached skill level 5 in Fighting
 15992 | D:7      | Reached XP level 11. HP: 76/94 MP: 11/21
 15999 | D:7      | Killed Harold
 16176 | D:7      | Found Ebreunos's Weapon Emporium.
 17615 | D:6      | Found a glowing golden altar of the Shining One.
 18293 | D:9      | Reached skill level 9 in Stealth
 18452 | D:8      | HP: 3/96 [killer bee (3)]
 18452 | D:8      | Slain by a killer bee

Illustrated notes

Levels and vault maps discovered:
D:1:      eino_arrival_water_cross, layout_basic, basic_ecumenical_altar,
          feat_on_display
D:2:      minmay_inner_zag, layout_basic, basic_altar
D:3:      layout_loops_ring, chequers_temple_overflow_statue_of_worship,
          ebering_ghost_disaster_area, minmay_misc_feat_nine_boxes,
          grunt_decor_one_mirror, grunt_decor_junction,
          chequers_serial_rivers_micro_a, minmay_misc_feat_ornament,
          dk_vineyard_2, uniq_purgy, uniq_ijyb, uniq_jessica, uniq_robin
D:4:      minmay_skewed_foursquare, layout_rooms, corexii_corridor_pit,
          uniq_menkaure
D:5:      layout_basic, uniq_edmund, uniq_pikel, uniq_sigmund
D:6:      layout_gridville, mainiacjoe_overflow_alcove_4,
          minmay_temple_entry_large_hall, gup_sewer_entry_pipe,
          nicolae_wand_duel
D:7:      layout_basic, mainiacjoe_overflow_catwalk,
          nicolae_ossuary_entry_monument, serial_shops, nicolae_shop_waterfront,
          uniq_harold
D:8:      layout_loops_ring, nemelex_spade_bored_becter,
          mainiacjoe_overflow_chevrons, nicolae_ashenzari_skybound,
          serial_shops, shop_statue
D:9:      layout_cave_pods, mainiacjoe_overflow_brackets,
          minmay_lair_entry_grove, special_room [special_room_bee]
Temple:   eino_temple_lava

Skill      XL: |  1  2  3  4  5  6  7  8  9 10 11 |
---------------+----------------------------------+-----
Stealth        | 2 5 8 9 |  9.1
Fighting       | 1 3 5 |  5.6
Conjurations   | 1 2 3 4 5 6 7 |  7.8
Earth Magic    | 1 2 3 4 5 6 7 |  7.8
Spellcasting   | 3 4 5 6 7 |  7.5
Shields        | 1 2 3 4 5 6 |  6.2
Maces & Flails | |  2.0
Throwing       | |  1.0
Armour         | |  1.0
Translocations | |  3.0

Action                   |  1- 3 |  4- 6 |  7- 9 | 10-12 || total
-------------------------+-------+-------+-------+-------++-------
Melee: Club              |    53 |       |       |       ||    53
       Dagger            |    54 |    96 |   355 |   130 ||   635
       Hand axe          |       |    55 |       |       ||    55
 Cast: Stone Arrow       |       |     8 |    84 |   122 ||   214
Invok: Call Merchant     |       |       |       |     1 ||     1
 Abil: Spit Poison       |    30 |    25 |    15 |     5 ||    75
Evoke: Wand              |       |       |       |     6 ||     6
  Use: Scroll            |       |     2 |     5 |     7 ||    14
 Stab: Sleeping          |       |       |    10 |     2 ||    12
       Distracted        |       |       |     2 |     2 ||     4
Armor: Scale mail        |    80 |   109 |       |       ||   189
       Leather armour    |       |    11 |       |       ||    11
       Robe              |       |       |    14 |       ||    14
       Troll leather arm |       |       |   121 |    93 ||   214
Dodge: Dodged            |    43 |    49 |    83 |   152 ||   327
Block: Tower shield      |       |    59 |       |   108 ||   167
       Buckler           |       |       |    98 |    64 ||   162
